 Dungeon Crawl Stone Soup version 0.30.0-15-g856e2d3f33 (webtiles) character file.

Game seed: 5823331781935485352

275 qw the Chopper (level 6, -1/39 HPs)
             Began as a Gargoyle Cinder Acolyte on May 18, 2023.
             Was an Elder of Ignis.
             Slain by a gnoll sergeant
             ... wielding a +1 spear of distortion
              (5 damage)
             ... on level 4 of the Dungeon.
             The game lasted 00:01:19 (2485 turns).

qw the Chopper (Gargoyle Cinder Acolyte)            Turns: 2485, Time: 00:01:19

Health: -1/39      AC: 15    Str: 19    XL:     6   Next: 25%
Magic:  7/7        EV: 11    Int: 18    God:    Ignis [****..]
Gold:   148        SH:  0    Dex:  5    Spells: 7/7 levels left

rFire   + + .        Y - +0 hand axe (flame)
rCold   + . .        (no shield)
rNeg    + . .        e - +0 leather armour
rPois   inf          g - +0 helmet
rElec   +            (no cloak)
rCorr   .            (no gloves)
SInv    +            (no boots)
Will    .....        (no amulet)
Stlth   +            b - ring of protection from fire
HPRegen 0.26/turn    l - ring "Uroel" {rElec rC+ Int+3 SInv}
MPRegen 0.10/turn

%: no passive effects
@: fiery-armoured
A: sickness immunity, AC +4, negative energy resistance 1, electricity
resistance, torment resistance 1, petrification resistance
a: Renounce Religion, Fiery Armour, Foxfire Swarm, Rising Flame


You were on level 4 of the Dungeon.
You worshipped Ignis.
Ignis was greatly pleased with you.
You visited 1 branch of the dungeon, and saw 4 of its levels.

You collected 148 gold pieces.


Innate Abilities, Weirdness & Mutations

You are immune to sickness and miasma.
Your stone body is resilient. (AC +4)
You are immune to poison.
You resist negative energy. (rN+)
You are resistant to electric shocks. (rElec)
You are resistant to unholy torment.
You are immune to petrification.


   Skills:
 - Level 4.5 Fighting
 + Level 5.5 Axes
 - Level 1.0 Armour
 - Level 1.0 Spellcasting
 - Level 3.0 Fire Magic


You had 7 spell levels left.
You didn't know any spells.
Your spell library contained the following spells:

 Spells                   Type           Power      Damage    Failure   Level
 Scorch                   Fire           22%        2d5       11%         2

Inventory:

Hand Weapons
 Y - a +0 hand axe of flaming (weapon)
Missiles
 i - 3 boomerangs (quivered)
Armour
 e - a +0 leather armour (worn)
 g - a +0 helmet (worn)
Jewellery
 b - a ring of protection from fire (left hand)
 l - the ring "Uroel" (right hand) {rElec rC+ Int+3 SInv}
   (You found it on level 3 of the Dungeon)

   [ring of see invisible]

   Int:       It affects your intelligence (+3).
   rC:        It protects you from cold.
   rElec:     It insulates you from electricity.
   SInv:      It lets you see invisible.
Scrolls
 d - a scroll of fear {unknown}
 j - 3 scrolls of teleportation
 m - a scroll of identify {unknown}
 n - a scroll of immolation {unknown}
Potions
 a - a potion of mutation {unknown}
 c - a potion of flight {unknown}
 f - a potion of invisibility {unknown}
 h - a potion of haste {unknown}
 k - a potion of attraction {unknown}
 o - a potion of curing {unknown}

Dungeon Overview and Level Annotations

Branches:
Dungeon (4/15)
 Temple: D:4-7

Altars:
Dithmenos
Hepliaklqana
Trog


Message History

The gnoll is lightly wounded.
You throw a boomerang. The boomerang barely misses the gnoll.
The gnoll closely misses you. The gnoll hits you but does no damage.
The gnoll sergeant hits you but does no damage.
Space warps around you. The gnoll hits you but does no damage.
The gnoll is burned by your cloak of flames.
The gnoll is severely wounded.
The gnoll hits you but does no damage.
The gnoll is burned by your cloak of flames.
The gnoll is moderately wounded.
The gnoll barely misses you.
You slash the gnoll! You burn the gnoll.
You kill the gnoll!
You closely miss the gnoll. You barely miss the gnoll. You hit the gnoll.
You burn the gnoll. You hit the gnoll. You burn the gnoll.
The gnoll sergeant misses you. The gnoll closely misses you.
The gnoll hits you but does no damage.
The gnoll is burned by your cloak of flames.
You kill the gnoll!
The gnoll hits you but does no damage.
The gnoll is burned by your cloak of flames.
You kill the gnoll!
The gnoll closely misses you.
You hit the gnoll. You burn the gnoll.
The gnoll is heavily wounded.
You hit the gnoll. You burn the gnoll.
The gnoll sergeant hits you but does no damage.
Space warps horribly around you! The gnoll misses you.
The gnoll hits you with a +0 spear.
The gnoll is burned by your cloak of flames.
The gnoll is heavily wounded.
You hit the gnoll but do no damage.
The gnoll is heavily wounded.
You barely miss the gnoll.
The gnoll sergeant hits you from afar with a +1 spear of distortion.
You blink.
Found 4 stones.
Found a hazy altar of Hepliaklqana and a shadowy altar of Dithmenos.
The gnoll sergeant hits you from afar with a +1 spear of distortion!
Space warps around you.
You die...

## .# ##. ..# ¤## ...########..
W¤¤# ##.........##( #####
...........##.###.._..
...........##.........
......................
..............@.#.._..
..:.............## ### ###
#########...#.g.g..# ¤#######.#
.........##...).g..# ##.......#
#...#...#...#.)....### #...##...#
..........#####..###..####....#.#
#...#...### #..# #.##.......#.#
.........#### #..# #.##.......#..
#########...# #..###.##..###..###


You could see a gnoll sergeant, a shadow and 2 gnolls.

Vanquished Creatures
  Blork the orc (D:4)
  10 gnolls
  5 adders
  4 worms
  A dart slug (D:2)
  An orc (D:3)
  3 bats
  6 endoplasms
  2 giant cockroaches
  3 goblins
  3 hobgoblins
  3 quokkas
  6 ball pythons
  4 frilled lizards
  8 kobolds
  4 rats
64 creatures vanquished.

Notes
Turn   | Place    | Note
-------+----------+-------------------------------------------
     0 | D:1      | qw the Gargoyle Cinder Acolyte began the quest for the Orb.
     0 | D:1      | Reached XP level 1. HP: 14/14 MP: 2/2
     0 | D:1      | 0 ||| qw: Version: 0.2-a-95-gc95f03d
     0 | D:1      | 0 ||| qw: Game counter: 8
     0 | D:1      | 0 ||| qw: Always use a shield: true
     0 | D:1      | 0 ||| qw: God list: Okawaru
     0 | D:1      | 0 ||| qw: Allow faded altars: false
     0 | D:1      | 0 ||| qw: Do Orc after D:15 true
     0 | D:1      | 0 ||| qw: Do second Lair branch before Depths: true
     0 | D:1      | 0 ||| qw: Lair rune preference: random
     0 | D:1      | 0 ||| qw: Plans: Normal
     0 | D:1      | 0 ||| PLANNING D:1-11
   231 | D:1      | Reached skill level 3 in Axes
   297 | D:1      | Reached XP level 2. HP: 19/19 MP: 3/3
   428 | D:1      | 428 ||| INVOKING Fiery Armour.
   509 | D:1      | Found a faded altar of an unknown god.
   947 | D:1      | 947 ||| UPGRADING to +0 helmet.
   952 | D:1      | 952 ||| DROPPING ring of flight.
   953 | D:1      | 953 ||| READING scroll labelled WIORATS DAAKEZ.
   954 | D:1      | 954 ||| READING scroll labelled OKEABU PYAKAAM.
   985 | D:2      | 985 ||| STAIRDANCE
  1059 | D:2      | Reached XP level 3. HP: 22/23 MP: 4/4
  1074 | D:2      | 1074 ||| INVOKING Fiery Armour.
  1081 | D:2      | Reached skill level 4 in Axes
  1106 | D:2      | 1106 ||| Stepping ~*~*~tactically~*~*~ (stealth).
  1110 | D:2      | 1110 ||| Stepping ~*~*~tactically~*~*~ (stealth).
  1111 | D:2      | 1111 ||| Stepping ~*~*~tactically~*~*~ (stealth).
  1112 | D:2      | 1112 ||| Stepping ~*~*~tactically~*~*~ (stealth).
  1163 | D:2      | Reached XP level 4. HP: 28/28 MP: 5/5
  1260 | D:2      | 1260 ||| Stepping ~*~*~tactically~*~*~ (stealth).
  1492 | D:2      | 1492 ||| Stepping ~*~*~tactically~*~*~ (stealth).
  1706 | D:2      | 1706 ||| UPGRADING to +0 leather armour.
  1716 | D:2      | 1716 ||| DROPPING +0 robe.
  1717 | D:2      | 1717 ||| READING scroll labelled ISTUF XAIHIPP.
  1718 | D:2      | 1718 ||| READING scroll labelled GATHUG LIVOG.
  1743 | D:3      | 1743 ||| Stepping ~*~*~tactically~*~*~ (stealth).
  1798 | D:3      | 1798 ||| Stepping ~*~*~tactically~*~*~ (hiding).
  1892 | D:3      | Reached skill level 5 in Axes
  1899 | D:3      | Reached XP level 5. HP: 32/32 MP: 6/6
  1950 | D:3      | Reached skill level 1 in Armour
  1951 | D:3      | Identified the ring "Uroel" {rElec rC+ Int+3 SInv}
  1964 | D:3      | 1964 ||| Stepping ~*~*~tactically~*~*~ (stealth).
  1969 | D:3      | 1969 ||| Stepping ~*~*~tactically~*~*~ (stealth).
  1970 | D:3      | 1970 ||| Stepping ~*~*~tactically~*~*~ (stealth).
  2211 | D:3      | 2211 ||| UPGRADING to ring of protection from fire.
  2212 | D:3      | 2212 ||| UPGRADING to ring "Uroel" {rElec rC+ Int+3 SInv}.
  2213 | D:3      | 2213 ||| DRINKING 2 sedimented brown potions.
  2242 | D:3      | 2242 ||| DROPPING potion of lignification.
  2257 | D:4      | Noticed Blork the orc
  2261 | D:4      | 2261 ||| INVOKING Fiery Armour.
  2265 | D:4      | Killed Blork the orc
  2271 | D:4      | Reached XP level 6. HP: 33/39 MP: 7/7
  2411 | D:4      | Found a bloodstained altar of Trog.
  2473 | D:4      | 2473 ||| INVOKING Fiery Armour.
  2484 | D:4      | Found a hazy altar of Hepliaklqana.
  2484 | D:4      | Found a shadowy altar of Dithmenos.
  2484 | D:4      | Noticed a shadow
  2485 | D:4      | HP: 4/39 [gnoll sergeant/+1 spear of distortion (11)]
  2485 | D:4      | Slain by a gnoll sergeant

Levels and vault maps discovered:
D:1:      dpeg_arrival_water_fire, layout_loops_ring,
          nicolae_ecumenical_snake_handling, grunt_decor_mini_mirrors,
          grunt_decor_one_mirror
D:2:      layout_rooms
D:3:      layout_rooms
D:4:      layout_rooms, riverfiend_overflow_shadow_ancestor,
          trog_three_pillars_becter, lemuel_coloured_pillars_altar,
          minmay_temple_entry_glassed_door, uniq_blork_the_orc

Skill      XL: |  1  2  3  4  5 |
---------------+----------------+-----
Axes           | 3 4 5 |  5.5
Armour         | 1 |  1.0
Fighting       | 4 |  4.5
Spellcasting   | |  1.0
Fire Magic     | |  3.0

Action                     |  1- 3 |  4- 6 || total
---------------------------+-------+-------++-------
  Melee: Hand axe          |    55 |   132 ||   187
         Punch             |       |     3 ||     3
  Throw: Boomerang         |       |    22 ||    22
 Invoke: Fiery Armour      |     2 |     2 ||     4
    Use: Scroll            |     2 |     2 ||     4
         Potion            |       |     1 ||     1
 Armour: Robe              |    24 |    16 ||    40
         Leather armour    |       |    54 ||    54
  Dodge: Dodged            |    21 |    68 ||    89

Table legend:
 A = Non-vault XP
 B = Vault XP
 C = Vault XP percentage of total XP
 D = Non-vault monster count
 E = Vault monster count
 F = Vault count percentage of total count
                 A         B        C        D         E       F
            +---------+---------+-------+---------+---------+-------
      Total |     297 |      97 |  24.6 |      61 |       3 |   4.7
            +---------+---------+-------+---------+---------+-------
        D:1 |      19 |       3 |  13.6 |      13 |       2 |  13.3
        D:2 |     119 |       0 |   0.0 |      24 |       0 |   0.0
        D:3 |      56 |       0 |   0.0 |      15 |       0 |   0.0
        D:4 |     103 |      94 |  47.7 |       9 |       1 |  10.0
            +---------+---------+-------+---------+---------+-------
